Map: Zen LE

Players

klsnhe

  • Race: Terran Terran
  • League: Diamond
  • Spawn Location: 1:00

DirkDiggler - Winner!

  • Race: Terran Terran
  • League: Diamond
  • Spawn Location: 7:00

VOD

Have the link to the VOD?

Description

Time

  • Played on: April 13, 2020, 7:53 p.m.
  • Length: 5:00
Show
View Real Time Build Order
Export as new Build Order

klsnhe Terran 

Build Orders: 1/1/1 

Get SALT Encoding   

  12  0:01  SCV  
  13  0:13  SCV  
  14  0:17  Supply Depot  
  14  0:24  Refinery  
  14  0:30  SCV  
  15  0:42  SCV  
  16  0:45  Barracks  
  16  0:51  Refinery  
  16  0:56  SCV  
  17  1:09  SCV  
  18  1:21  SCV  
  19  1:33  Barracks Reactor, SCV  
  19  1:34  Factory  
  20  1:45  Orbital Command  
  20  2:00  Supply Depot  
  20  2:10  Marine x2  
  20  2:11  SCV  
  23  2:17  Factory Tech Lab  
  23  2:21  Starport  
  23  2:28  Marine  
  25  2:31  Marine  
  25  2:36  Siege Tank  
  28  2:46  Marine  
  28  2:48  Supply Depot  
  28  2:49  Marine  
  30  3:10  Siege Tank  
  33  3:13  Marine  
  33  3:15  Medivac  
  33  3:16  Medivac  
  33  3:18  SCV  
  39  3:31  Barracks Tech Lab  
  39  3:32  SCV  
  40  3:46  Engineering Bay  
  40  3:56  Viking x2  
  40  4:01  Marine  
Show
View Real Time Build Order
Export as new Build Order

DirkDiggler Terran - Winner!

Build Orders: Reaper Expand 

Get SALT Encoding   

  12  0:01  SCV  
  13  0:13  SCV  
  14  0:18  Supply Depot  
  14  0:25  SCV  
  15  0:39  SCV  
  15  0:40  Barracks  
  16  0:45  Refinery  
  16  0:51  SCV  
  17  1:03  SCV  
  18  1:15  SCV  
  19  1:29  Reaper, Orbital Command  
  20  1:53  Command Center  
  20  1:59  SCV  
  21  2:01  Reaper  
  22  2:12  SCV  
  23  2:19  Barracks  
  23  2:27  Factory  
  23  2:32  Supply Depot  
  23  2:53  Reaper, SCV  
  25  3:05  SCV  
  25  3:06  Orbital Command  
  25  3:10  Barracks Reactor  
  28  3:14  Factory Tech Lab  
  28  3:17  SCV  
  26  3:30  SCV  
  26  3:31  SCV  
  28  3:38  Marine  
  29  3:44  Refinery  
  29  3:45  SCV  
  29  3:46  SCV  
  31  3:49  Marine x2  
  33  3:56  Marine, Siege Tank  
  33  3:59  SCV x2  
  39  4:07  Marine x2  
  41  4:14  Marine  
  42  4:24  Marine x2  
  32  4:31  Marine  
  32  4:36  SCV  
  26  4:41  SCV  
  28  4:48  SCV  
Tags
 
Matchup
TvT
Race
Terran
Spawn Locations
Cross Positions
Add a new tag
Caveats
  • Supply blocks, unpowered buildings, or Contaminate may cause inaccurate times.
  • Supply counts are checked every 10 seconds.